 Dungeon Crawl Stone Soup version 0.30-a0-54-g2e61a25929 (webtiles) character file.

Game seed: 8100445584392633899

159964 frimble the Demonic Aeon (level 17, -20/135 HPs)
             Began as a Demonspawn Arcane Marksman on Sept 8, 2022.
             Was the Champion of Cheibriados.
             Killed from afar by a deep elf annihilator (67 damage)
             ... with an iron shot
             ... led by a deep elf high priest
             ... on level 2 of the Elven Halls.
             The game lasted 00:56:42 (26114 turns).

frimble the Demonic Aeon (DsAM)                    Turns: 26114, Time: 00:56:43

Health: -20/135    AC: 21    Str: 28    XL:     17   Next: 17%
Magic:  14/29      EV: 29    Int: 34    God:    Cheibriados [******]
Gold:   2829       SH:  0    Dex: 30    Spells: 28/39 levels left

rFire   + + .      SeeInvis +    a - +3 Elemental Staff {rElec rF++ rC++ AC+5}
rCold   + + .      Faith    .    (no shield)
rNeg    . . .      Spirit   .    x - +3 troll leather armour
rPois   .          Reflect  .    H - +0 helmet of the Tentacled Serpent {Regen+ Str+2}
rElec   +          Harm     .    T - +2 cloak
rCorr   .          Rampage  .    (gloves unavailable)
Will    ++...                    Y - +0 pair of boots of Jigsaw {Regen+ SInv}
Stlth   ++........               r - amulet of regeneration
HPRegen 4.32/turn                R - ring of willpower
MPRegen 0.21/turn                E - ring of wizardry

@: mighty, agile, slightly contaminated, studying Spellcasting, very slow
A: thin metallic scales 3, powered by pain 2, condensation shield, demonic touch
3, low MP 1, regeneration 1, weak 1, no potion heal 1
a: Renounce Religion, Bend Time, Temporal Distortion, Slouch, Step From Time


You were on level 2 of the Elven Halls.
You worshipped Cheibriados.
Cheibriados was exalted by your worship.
You visited 5 branches of the dungeon, and saw 25 of its levels.
You visited the Abyss 3 times.
You also visited: Bailey and Gauntlet.

You collected 3643 gold pieces.
You spent 814 gold pieces at shops.

Inventory:

Hand Weapons
 a - the +3 Elemental Staff (weapon) {rElec rF++ rC++ AC+5}
   (You acquired it in a bailey)

   If the wielder is skilled in Evocations, they can discharge powerful blasts
   of elemental energy when striking with it.
   It enhances your fire, ice, earth and air magic.
   AC:        It affects your AC (+5).
   rF:        It greatly protects you from fire.
   rC:        It greatly protects you from cold.
   rElec:     It insulates you from electricity.
 b - the +5 sling of Pasut {vorpal, Fly rC+ Int+2}
   (You found it on level 10 of the Dungeon)

   Any ammunition fired from it inflicts extra damage upon your enemies.
   Int:       It affects your intelligence (+2).
   rC:        It protects you from cold.
   Fly:       It grants you flight.
 i - a +5 short sword of venom
 I - the +6 double sword of True Grit {freeze, rPois rN++ Dex-2}
   (You took it off a minotaur in a Gauntlet)

   It freezes those it strikes, dealing additional cold damage.
   It can also slow down cold-blooded creatures.
   Dex:       It affects your dexterity (-2).
   rPois:     It protects you from poison.
   rN:        It greatly protects you from negative energy.
Missiles
 D - 7 javelins
 J - 5 silver javelins
Armour
 x - a +3 troll leather armour (worn)
 H - the +0 helmet of the Tentacled Serpent (worn) {Regen+ Str+2}
   (You bought it in a shop on level 2 of the Orcish Mines)

   Str:       It affects your strength (+2).
   Regen:     It increases your rate of health regeneration.
 T - a +2 cloak (worn)
 Y - the +0 pair of boots of Jigsaw (worn) {Regen+ SInv}
   (You found it on level 15 of the Dungeon)

   SInv:      It lets you see invisible.
   Regen:     It increases your rate of health regeneration.
 Z - the +2 cloak of the Devil's Advocate {rC- rCorr Str-4 Int+9}
   (You bought it in a shop on level 2 of the Orcish Mines)

   Str:       It affects your strength (-4).
   Int:       It affects your intelligence (+9).
   rC:        It makes you vulnerable to cold.
   rCorr:     It protects you from acid and corrosion.
Jewellery
 f - a ring of wizardry
 h - a ring of ice
 r - an amulet of regeneration (around neck)
 t - an amulet of magic regeneration
 E - a ring of wizardry (right hand)
 L - a ring of ice
 R - a ring of willpower (left hand)
 X - a +4 ring of evasion
Wands
 l - a wand of mindburst (7)
 q - a wand of polymorph (11)
 u - a wand of charming (28)
 v - a wand of light (2)
 N - a wand of digging (8)
 S - a wand of iceblast (4)
 V - a wand of flame (2)
Scrolls
 c - 4 scrolls of magic mapping
 d - 6 scrolls of poison
 n - 4 scrolls of fog
 o - 5 scrolls of teleportation
 w - a scroll of torment
 A - 4 scrolls of amnesia
 C - 2 scrolls of fear
 P - 4 scrolls of identify
 U - a scroll of enchant weapon
Potions
 g - 5 potions of haste
 j - 2 potions of resistance
 k - 7 potions of flight
 m - 3 potions of attraction
 p - 3 potions of ambrosia
 z - 3 potions of berserk rage
 B - a potion of cancellation
 F - 2 potions of brilliance
 G - 7 potions of mutation
 K - 2 potions of lignification
 M - 4 potions of might
 Q - 3 potions of magic
Miscellaneous
 e - a box of beasts
 s - a phantom mirror
 W - a condenser vane (inert)


   Skills:
 - Level 12.4 Fighting
 - Level 8.3 Short Blades
 - Level 12.0 Staves
 - Level 3.5 Ranged Weapons
 - Level 11.0 Dodging
 + Level 11.9 Spellcasting
 - Level 3.0 Hexes
 - Level 7.5 Translocations
 + Level 12.9 Fire Magic
 - Level 13.0 Invocations
 - Level 7.0 Evocations


You had 28 spell levels left.
You knew the following spells:

 Your Spells              Type           Power      Damage    Failure   Level
a - Slow                  Hex            100%       N/A       1%          1
b - Blink                 Tloc           100%       N/A       1%          2
c - Ignition              Fire           52%        3d14      30%         8

Your spell library contained the following spells:

 Spells                   Type           Power      Damage    Failure   Level
 Foxfire                  Conj/Fire      100%       2x1d9     1%          1
 Magic Dart               Conj           80%        1d7       1%          1
 Sting                    Tmut/Pois      80%        1d7       1%          1
 Summon Small Mammal      Summ           80%        N/A       1%          1
 Call Imp                 Summ           20%        N/A       1%          2
 Ensorcelled Hibernation  Hex/Ice        92%        N/A       1%          2
 Searing Ray              Conj           40%        2d5       1%          2
 Conjure Flame            Conj/Fire      77%        6-21      1%          3
 Gell's Gravitas          Tloc           64%        N/A       1%          3
 Ignite Poison            Fire/Tmut/Pois 65%        N/A       1%          3
 Inner Flame              Hex/Fire       84%        N/A       1%          3
 Lesser Beckoning         Tloc           64%        N/A       1%          3
 Portal Projectile        Hex/Tloc       100%       N/A       1%          3
 Summon Guardian Golem    Hex/Summ       30%        N/A       1%          3
 Teleport Other           Tloc           64%        N/A       1%          3
 Flame Wave               Conj/Fire      77%        2d17      1%          4
 Iskenderun's Mystic Bla  Conj/Tloc      46%        2d10      1%          4
 Sticky Flame             Conj/Fire      77%        2d9       1%          4
 Manifold Assault         Tloc           64%        N/A       1%          5
 Cause Fear               Hex            20%        N/A       2%          4
 Call Canine Familiar     Summ           20%        N/A       3%          3
 Mephitic Cloud           Conj/Pois/Air  30%        N/A       3%          3
 Ozocubu's Armour         Ice            30%        N/A       3%          3
 Spider Form              Tmut/Pois      20%        N/A       3%          3
 Anguish                  Hex/Necr       15%        N/A       5%          4
 Fulminant Prism          Conj/Hex       15%        3d11      5%          4
 Animate Dead             Necr           20%        N/A       10%         4
 Corpse Rot               Necr/Pois/Air  30%        N/A       10%         4
 Olgreb's Toxic Radiance  Pois           20%        N/A       10%         4
 Freezing Cloud           Conj/Ice/Air   22%        6-21      26%         5
 Lee's Rapid Deconstruct  Erth           15%        3d11*     26%         5
 Haunt                    Necr/Summ      10%        N/A       100%        7
 Ozocubu's Refrigeration  Ice            15%        4d10      100%        7
 Infestation              Necr           10%        N/A       100%        8


Dungeon Overview and Level Annotations

Branches:
Dungeon (15/15)            Temple (1/1) D:5            Lair (5/5) D:10
  Swamp (0/4) Lair:2        Snake (0/4) Lair:2        Slime (0/5) Lair:4
    Orc (2/2) D:12            Elf (2/3) Orc:2        Vaults (0/5) D:13
 Depths (0/4) D:15         Bailey (visited)         Gauntlet (visited)

Altars:
Ashenzari
Cheibriados
Dithmenos
Fedhas
Gozag
Hepliaklqana
Kikubaaqudgha
Makhleb
Nemelex Xobeh
Okawaru
Qazlal
Ru
Sif Muna
Trog
Uskayaw
Vehumet
Wu Jian
Xom
Yredelemnul
Jiyva

Shops:
D:2 (   D:5 (   D:6 [   D:7 *   D:9 *   D:10 ?   D:11 (   D:14 =   Orc:2 (*[*:*
Elf:1 =!:=

Annotations:
Orc:2 3 runed translucent doors, exclusion: obsidian statue, ytrimaz's ghost, journeyman FoFi


Innate Abilities, Weirdness & Mutations

You are completely covered in thin metallic scales. (AC +4, rElec)
You sometimes gain power by taking damage.
A meltable shield of frost defends you. (SH +0)
Your touch may irresistibly damage your foes and sap their willpower.
Your magical capacity is low. (-10% MP)
Your natural rate of healing is unusually fast.
You are weak. (Str -2)
Potions are less effective at restoring your health.


Message History

The fire elemental completely resists.
The bolt of fire hits you! You resist.
* * * LOW HITPOINT WARNING * * *
You focus on the pain.
You feel agile all of a sudden.
The deep elf annihilator mumbles some strange words.
The deep elf annihilator blinks!
The deep elf demonologist is struck by lightning.
You kill the deep elf demonologist!
Cheibriados thoroughly appreciates the change of pace.
The tormentor disappears in a puff of smoke! x2
The soul eater disappears in a puff of smoke!
The fire elemental sizzles in the rain.
The fire elemental closely misses you.
Okay, then.
Unknown command.
Unknown command.
You thump the fire elemental!
You destroy the fire elemental!
The fire elemental disappears in a puff of smoke!
The soul eater draws from the surrounding life force!
Aiming: Iceblast
Press: ? - help, Shift-Dir - straight line The mass of ice explodes!
The iceblast engulfs the deep elf pyromancer!!
You kill the deep elf pyromancer!
Cheibriados thoroughly appreciates the change of pace.
The fire elemental disappears in a puff of smoke!
The iceblast engulfs the soul eater!
The soul eater partially resists.
The soul eater is moderately wounded.
The iceblast engulfs the deep elf demonologist!!
You kill the deep elf demonologist!
Cheibriados thoroughly appreciates the change of pace.
The soul eater disappears in a puff of smoke!
The neqoxec disappears in a puff of smoke!
The soul eater disappears in a puff of smoke!
The deep elf zephyrmancer is struck by lightning. x2
You kill the deep elf zephyrmancer!
Cheibriados appreciates the change of pace.
The deep elf annihilator gestures at you while chanting.
The iron shot hits you!!!
You die...

##### #... ##.. #
##'.. §§ ##.### §§§
##### ##.## §§e§
###...###.## §§§§e
#.......'##
.§§§§)####.......##
.§§§§e§@.'.......#
§§§§§.####.......#
§§§§e #.......#
§§§§ ###...### ###
#####'#### ##.##.##
##...'## ##.....##
#.......#


You could see a deep elf annihilator (empowered), a deep elf sorcerer
(empowered), a deep elf high priest (brilliance aura) and a deep elf
zephyrmancer (empowered).

Vanquished Creatures
  2 bone dragons (Abyss:4)
  Rupert (Lair:4)
  A hellephant (Abyss:4)
  Frances (D:14)
  Kirke (Lair:4)
  A tentacled starspawn (Abyss:4)
  3 deep elf sorcerers (Elf:1)
  An orc warlord (Orc:2)
  A deep elf elementalist (Elf:1)
  Louise (D:14)
  Aizul (Elf:1)
  A very ugly thing (Abyss:3)
  A dire elephant (D:15)
  The ghost of Huipt the Bewitcher, a journeyman DEFE of Sif Muna (D:15)
  A minotaur (Gauntlet)
  2 deep elf demonologists (Elf:2)
  A deep elf death mage (Elf:1)
  A fire dragon (D:15)
  3 vault guards (D:13)
  3 boulder beetles
  4 catoblepae
  12 hydras
  Fannar (D:11)
  5 centaur warriors
  Erica (Lair:1)
  3 two-headed ogres
  7 dancing weapons (Elf:1)
  A tengu warrior (D:13)
  A hell hog (Elf:1)
  A titan zombie (Abyss:4)
  An orc high priest (Orc:2)
  Urug (Lair:2)
  7 deep elf knights
  2 wretched stars (Abyss:4)
  6 skeletal warriors (D:14)
  2 sixfirhies (Abyss:4)
  A glowing orange brain (Abyss:4)
  5 deep elf archers
  A wolf spider zombie (D:14)
  19 deep elf pyromancers
  3 lindwurms
  2 harpies (D:15)
  A wizard (D:15)
  22 deep elf zephyrmancers
  7 orc knights
  A necromancer (D:13)
  A mana viper (Abyss:4)
  2 wolf spiders (D:15)
  3 orc sorcerers
  7 manticores
  A salamander (D:14)
  A cyclops (shapeshifter) (D:13)
  An oklob plant (Orc:1)
  2 ugly things (Abyss:3)
  2 moths of wrath (D:15)
  A manticore (shapeshifter) (Abyss:4)
  A cyclops (D:14)
  A shining eye (Gauntlet)
  17 elephants
  3 black mambas (Lair:5)
  6 centaur zombies (D:14)
  An ice statue (Gauntlet)
  2 worldbinders (Abyss:4)
  17 cane toads
  A gargoyle (D:12)
  A hellion (Abyss:4)
  10 rime drakes
  An unseen horror (D:13)
  4 komodo dragons
  2 yaktaurs
  3 tengu conjurers
  A komodo dragon (shapeshifter) (D:14)
  An ice devil (Abyss:4)
  2 kobold demonologists
  3 ancient zymes (Abyss:4)
  4 polar bears
  A harpy zombie (D:14)
  5 large abominations (Abyss:4)
  7 trolls
  4 hornets (Gauntlet)
  11 raiju (Abyss:4)
  21 blink frogs
  7 dream sheep (Lair:5)
  A dream sheep (shapeshifter) (Abyss:4)
  4 water elementals
  5 shadows
  3 air elementals (Elf:1)
  Sigmund (D:3)
  12 wyverns
  4 vampires (D:14)
  4 spriggans (Bailey)
  5 wraiths
  A spriggan (shapeshifter) (D:13)
  30 yaks
  A ynoxinul (Abyss:4)
  Grum (D:8)
  2 hogs (Lair:4)
  4 basilisks
  2 fire elementals (Elf:1)
  17 humans (D:13)
  A human (shapeshifter) (D:14)
  3 steam dragons
  3 chaos spawn (Abyss:4)
  A golden eye (Gauntlet)
  3 neqoxecs (Abyss:4)
  A redback (D:15)
  18 vampire mosquitoes
  2 acid dragons
  2 wargs (Orc:2)
  A naga (Lair:2)
  13 water moccasins
  A hell hound (Lair:3)
  Duvessa (D:5)
  A floating eye (Gauntlet)
  2 black bears
  3 ice beasts
  2 hornet zombies (D:14)
  39 orc warriors
  34 starcursed masses (Abyss:4)
  12 ogres
  7 wolves
  9 centaurs
  A phantom (D:6)
  3 bullfrogs
  A gnoll sergeant (D:13)
  Blork the orc (D:5)
  An earth elemental (Abyss:4)
  4 scorpions
  3 small abominations (Abyss:4)
  Dowan (D:5)
  11 wights
  16 killer bees
  11 howler monkeys
  5 electric eels
  A wyvern simulacrum (D:8)
  3 hounds
  4 jellies
  12 orc priests
  A gnoll bouda (D:6)
  Jessica (D:2)
  An iguana (D:6)
  Terence (D:3)
  15 orc wizards
  8 hell rats
  14 gnolls
  5 adders
  2 shadow imps (D:7)
  3 white imps
  4 ufetubi
  A worm (D:2)
  4 dart slugs
  51 orcs
  8 bats
  9 endoplasms
  4 giant cockroaches
  10 goblins
  10 hobgoblins
  7 quokkas
  7 ball pythons
  4 frilled lizards
  14 kobolds
  3 rats
  A starspawn tentacle (Abyss:4)
825 creatures vanquished.

Vanquished Creatures (collateral kills)
  3 very ugly things (Abyss:3)
  A manticore (D:12)
  A troll (D:10)
  A neqoxec (Abyss:3)
  3 orcs (D:10)
9 creatures vanquished.

Vanquished Creatures (others)
  A deep elf pyromancer (Elf:2)
  A bush (Lair:2)
  48 fungi
  30 plants
  6 starspawn tentacles (Abyss:4)
  A withered plant (D:14)
87 creatures vanquished.

Grand Total: 921 creatures vanquished

Notes
Turn   | Place    | Note
-------+----------+-------------------------------------------
     0 | D:1      | frimble the Demonspawn Arcane Marksman began the quest for
                  | the Orb.
     0 | D:1      | Reached XP level 1. HP: 15/15 MP: 2/2
   225 | D:1      | Gained mutation: A meltable shield of frost defends you.
                  | (SH +0) [demonic ancestry]
   225 | D:1      | Reached XP level 2. HP: 21/21 MP: 3/3
   763 | D:1      | Reached XP level 3. HP: 27/27 MP: 4/4
  1705 | D:2      | Found Potyezx Duunn's Antique Weapon Boutique.
  2074 | D:2      | Noticed Jessica
  2080 | D:2      | Killed Jessica
  2081 | D:2      | Reached XP level 4. HP: 34/34 MP: 5/5
  2298 | D:3      | Noticed Terence
  2530 | D:3      | Noticed Sigmund
  3113 | D:3      | Killed Terence
  3114 | D:3      | Reached XP level 5. HP: 41/41 MP: 6/6
  3176 | D:3      | Killed Sigmund
  3177 | D:3      | Gained mutation: Your touch may inflict minor irresistible
                  | damage on your foes. [demonic ancestry]
  3177 | D:3      | Reached XP level 6. HP: 25/47 MP: 7/7
  4601 | D:4      | Found an ornate altar of the Wu Jian Council.
  4884 | D:5      | Entered Level 5 of the Dungeon
  4884 | D:5      | Found a staircase to the Ecumenical Temple.
  4926 | D:5      | Found Xelik's Weapon Shoppe.
  4926 | D:5      | Noticed an ice beast
  4933 | D:5      | Killed an ice beast
  4934 | D:5      | Reached skill level 5 in Short Blades
  4934 | D:5      | Gained mutation: You are partially covered in thin metallic
                  | scales. (AC +2) [demonic ancestry]
  4934 | D:5      | Reached XP level 7. HP: 52/52 MP: 8/8
  5248 | D:5      | Noticed Blork the orc
  5260 | D:5      | Killed Blork the orc
  5464 | D:5      | Found a shadowy altar of Dithmenos.
  5498 | D:5      | Noticed Duvessa
  5498 | D:5      | Noticed Dowan
  5505 | D:5      | Killed Duvessa
  5509 | D:5      | Killed Dowan
  6150 | Temple   | Entered the Ecumenical Temple
  6323 | Temple   | Became a worshipper of Cheibriados the Contemplative
  6398 | D:6      | You fall into a shaft and drop 1 floor!
  6566 | D:7      | Reached skill level 5 in Fighting
  6566 | D:7      | Reached XP level 8. HP: 43/62 MP: 9/9
  6625 | D:7      | Got the Directory of Contamination and Pyromania
  6836 | D:7      | Found Puxef's Overcharged Wands.
  6856 | D:7      | Found a flagged portal.
  6871 | Bailey   | Entered a bailey
  7030 | Bailey   | Reached skill level 1 in Evocations
  7059 | Bailey   | Reached * piety under Cheibriados
  7200 | Bailey   | Reached XP level 9. HP: 14/69 MP: 10/10
  7200 | Bailey   | Identified a scroll of acquirement
  7200 | Bailey   | Acquired the +3 Elemental Staff {rElec rF++ rC++ AC+5}
  7200 | Bailey   | Found the +3 Elemental Staff {rElec rF++ rC++ AC+5}
  7203 | Bailey   | Gained mutation: Armour fits poorly on your strangely
                  | shaped body. [potion of mutation]
  7203 | Bailey   | Gained mutation: Your spells are a little harder to cast,
                  | but a little more powerful. [potion of mutation]
  7328 | Bailey   | Reached skill level 5 in Evocations
  7509 | Bailey   | Noticed a two-headed ogre
  7516 | Bailey   | Killed a two-headed ogre
  7917 | D:7      | Reached skill level 1 in Staves
  8640 | D:6      | Found Lajiorghi's Armour Emporium.
  8727 | D:6      | Gained mutation: You sometimes gain a little power by
                  | taking damage. [demonic ancestry]
  8727 | D:6      | Reached XP level 10. HP: 67/76 MP: 11/11
  9222 | D:8      | Reached ** piety under Cheibriados
  9225 | D:8      | Reached skill level 5 in Staves
 10026 | D:8      | Noticed Grum
 10031 | D:8      | Killed Grum
 10340 | D:8      | Reached *** piety under Cheibriados
 10472 | D:8      | Acquired 871 gold pieces
 10774 | D:9      | Noticed a two-headed ogre
 10777 | D:9      | Learned a level 2 spell: Blink
 10784 | D:9      | Killed a two-headed ogre
 10785 | D:9      | Reached skill level 1 in Translocations
 10832 | D:9      | Gained mutation: Your touch may inflict irresistible damage
                  | on your foes. [demonic ancestry]
 10832 | D:9      | Reached XP level 11. HP: 33/81 MP: 12/12
 11087 | D:9      | Reached **** piety under Cheibriados
 11104 | D:9      | Found Apriadwe's Serpentskin Sales.
 11438 | D:10     | Entered Level 10 of the Dungeon
 11647 | D:10     | Found Cauvotan's Magic Scroll Shop.
 11680 | D:10     | Identified the +5 sling of Pasut {vorpal, Fly rC+ Int+2}
 12018 | D:10     | Found a staircase to the Lair.
 12093 | D:11     | Reached ***** piety under Cheibriados
 12353 | D:11     | Reached skill level 10 in Staves
 12353 | D:11     | Reached skill level 5 in Translocations
 12531 | D:11     | Noticed Fannar
 12538 | D:11     | Killed Fannar
 12576 | D:11     | Found Zududdes's Antique Weapon Emporium.
 12593 | D:11     | Learned a level 8 spell: Ignition
 12763 | D:11     | Gained mutation: You sometimes lose your temper in combat.
                  | [a neqoxec]
 12764 | D:11     | Gained mutation: You have hidden genetic defects. [a
                  | neqoxec]
 12926 | D:11     | Lost mutation: Your spells are a little harder to cast, but
                  | a little more powerful. [potion of mutation]
 12926 | D:11     | Lost mutation: You sometimes lose your temper in combat.
                  | [potion of mutation]
 12926 | D:11     | Gained mutation: You sometimes lose your temper in combat.
                  | [potion of mutation]
 12926 | D:11     | Gained mutation: You have a pair of small horns on your
                  | head. [potion of mutation]
 13087 | D:12     | Found an opulent altar of Gozag.
 13152 | D:12     | Noticed a two-headed ogre
 13160 | D:12     | Killed a two-headed ogre
 13169 | D:12     | Gained mutation: You occasionally lose the ability to read
                  | scrolls when taking damage. [hidden defects]
 13452 | D:12     | Gained mutation: Your touch may irresistibly damage your
                  | foes and sap their willpower. [demonic ancestry]
 13452 | D:12     | Reached XP level 12. HP: 86/88 MP: 13/13
 13465 | D:12     | Found a staircase to the Orcish Mines.
 13839 | D:12     | Gained mutation: You do not regenerate when monsters are
                  | visible. [hidden defects]
 13839 | D:12     | Lost mutation: You have hidden genetic defects. [hidden
                  | defects expressed]
 14034 | Lair:1   | Entered Level 1 of the Lair of Beasts
 14159 | Lair:1   | Reached skill level 1 in Invocations
 14263 | Lair:1   | Reached skill level 1 in Fire Magic
 14263 | Lair:1   | Reached skill level 2 in Invocations
 14301 | Lair:1   | You fall into a shaft and drop 1 floor!
 14302 | Lair:2   | Noticed a boulder beetle
 14375 | Lair:1   | Noticed Erica
 14382 | Lair:1   | Killed Erica
 14621 | Lair:1   | Noticed a six-headed hydra
 14626 | Lair:1   | Killed a six-headed hydra
 14627 | Lair:1   | Reached skill level 3 in Invocations
 14671 | Lair:2   | Killed a boulder beetle
 14734 | Lair:2   | Reached ****** piety under Cheibriados
 14976 | Lair:2   | Found a bloodstained altar of Trog.
 15028 | Lair:2   | Noticed Urug
 15037 | Lair:2   | Reached skill level 4 in Invocations
 15042 | Lair:2   | Killed Urug
 15264 | Lair:2   | Found a staircase to the Swamp.
 15314 | Lair:2   | Found a staircase to the Snake Pit.
 15436 | Lair:2   | Reached skill level 5 in Invocations
 16032 | Lair:2   | Lost mutation: You occasionally lose the ability to read
                  | scrolls when taking damage. [potion of mutation]
 16032 | Lair:2   | Lost mutation: You sometimes lose your temper in combat.
                  | [potion of mutation]
 16032 | Lair:2   | Lost mutation: You have a pair of small horns on your head.
                  | [potion of mutation]
 16032 | Lair:2   | Gained mutation: You passively dampen the noise of your
                  | surroundings. [potion of mutation]
 16167 | Lair:3   | Noticed a four-headed hydra
 16167 | Lair:3   | Noticed a five-headed hydra
 16192 | Lair:3   | Killed a five-headed hydra
 16197 | Lair:3   | Reached XP level 13. HP: 30/96 MP: 17/17
 16210 | Lair:3   | Reached skill level 6 in Invocations
 16528 | Lair:3   | Reached skill level 5 in Dodging
 16528 | Lair:3   | Reached skill level 7 in Invocations
 17015 | Lair:4   | Found a gate leading to a gauntlet.
 17018 | Lair:4   | Reached skill level 5 in Fire Magic
 17029 | Lair:4   | Found a staircase to the Slime Pits.
 17029 | Lair:4   | Found a viscous altar of Jiyva.
 17041 | Gauntlet | Entered a Gauntlet
 17041 | Gauntlet | Found a transporter.
 17041 | Gauntlet | Found a transporter.
 17041 | Gauntlet | Found a transporter.
 17041 | Gauntlet | Found a transporter.
 17045 | Gauntlet | Found a transporter.
 17060 | Gauntlet | Found a transporter.
 17061 | Gauntlet | Found a transporter.
 17068 | Gauntlet | Found a transporter.
 17076 | Gauntlet | Found a transporter.
 17094 | Gauntlet | Found a transporter.
 17099 | Gauntlet | Found a transporter.
 17121 | Gauntlet | Found a transporter.
 17273 | Gauntlet | Paralysed by a hornet for 2 turns
 17378 | Gauntlet | Lost mutation: Armour fits poorly on your strangely shaped
                  | body. [potion of mutation]
 17378 | Gauntlet | Lost mutation: You passively dampen the noise of your
                  | surroundings. [potion of mutation]
 17378 | Gauntlet | Lost mutation: You do not regenerate when monsters are
                  | visible. [potion of mutation]
 17378 | Gauntlet | Gained mutation: Potions are less effective at restoring
                  | your health. [potion of mutation]
 17378 | Gauntlet | Gained mutation: Your natural rate of healing is unusually
                  | fast. [potion of mutation]
 17378 | Gauntlet | Gained mutation: You are weak. (Str -2) [potion of
                  | mutation]
 17407 | Gauntlet | Reached skill level 8 in Invocations
 17456 | Gauntlet | Identified the +6 double sword of True Grit {freeze, rPois
                  | rN++ Dex-2}
 17456 | Gauntlet | Noticed a minotaur
 17461 | Gauntlet | Killed a minotaur
 17573 | Lair:4   | Noticed Rupert
 17661 | Lair:5   | Entered Level 5 of the Lair of Beasts
 17694 | Lair:5   | Reached skill level 9 in Invocations
 17827 | Lair:5   | Gained mutation: You are mostly covered in thin metallic
                  | scales. (AC +3) [demonic ancestry]
 17827 | Lair:5   | Reached XP level 14. HP: 89/108 MP: 19/21
 17980 | Lair:5   | Reached skill level 10 in Invocations
 18403 | Lair:5   | Reached skill level 10 in Fighting
 18882 | Lair:4   | Paralysed by Rupert for 4 turns
 18893 | Lair:4   | Killed Rupert
 18944 | Lair:4   | Noticed Kirke
 18968 | Lair:4   | Killed Kirke
 19744 | D:13     | Reached skill level 11 in Invocations
 20248 | D:13     | Found a gate to the Vaults.
 20621 | D:14     | Noticed Nessos
 20624 | D:14     | Noticed Nessos
 20624 | D:14     | Nessos changed into Nessos the salamander
 20631 | D:14     | Killed Nessos the salamander
 20649 | D:14     | Gained mutation: You are completely covered in thin
                  | metallic scales. (AC +4, rElec) [demonic ancestry]
 20649 | D:14     | Reached XP level 15. HP: 110/118 MP: 21/23
 20687 | D:14     | Reached skill level 12 in Invocations
 20997 | D:14     | Noticed Louise
 21000 | Abyss:3  | Cast into level 3 of the Abyss (Louise)
 21141 | Abyss:4  | Noticed a hellephant
 21163 | Abyss:4  | Killed a hellephant
 21169 | Abyss:4  | Noticed a bone dragon
 21174 | Abyss:4  | Gained mutation: Your magical capacity is low. (-10% MP) [a
                  | neqoxec]
 21187 | Abyss:4  | Killed a bone dragon
 21190 | D:14     | Escaped the Abyss
 21201 | D:14     | Killed Louise
 21321 | D:14     | Noticed Frances
 21337 | D:14     | Killed Frances
 21338 | D:14     | Reached skill level 13 in Invocations
 21372 | D:14     | Found Deoch's Jewellery Shop.
 21829 | D:15     | Entered Level 15 of the Dungeon
 22067 | D:15     | Found a staircase to the Depths.
 22158 | D:15     | Found a transporter.
 22162 | D:15     | Noticed Huipt's ghost (journeyman DEFE)
 22302 | D:15     | Found a transporter.
 22642 | D:15     | Reached skill level 10 in Dodging
 22655 | D:15     | Killed Huipt's ghost
 22656 | D:15     | Reached skill level 10 in Fire Magic
 22683 | D:15     | Identified the +0 pair of boots of Jigsaw {Regen+ SInv}
 22798 | Orc:1    | Entered Level 1 of the Orcish Mines
 22809 | Orc:1    | Found a radiant altar of Vehumet.
 22932 | Orc:2    | Entered Level 2 of the Orcish Mines
 22981 | Orc:2    | Found Juuracs's Antique Armour Emporium.
 22993 | Orc:2    | Bought a faintly glowing helmet for 228 gold pieces
 22993 | Orc:2    | Identified the +0 helmet of the Tentacled Serpent {Regen+
                  | Str+2} (You bought it in a shop on level 2 of the Orcish
                  | Mines)
 22993 | Orc:2    | Bought a distressingly furry cloak for 228 gold pieces
 22993 | Orc:2    | Identified the +2 cloak of the Devil's Advocate {rC- rCorr
                  | Str-4 Int+9} (You bought it in a shop on level 2 of the
                  | Orcish Mines)
 23016 | Orc:2    | Noticed an orc warlord
 23085 | Orc:2    | Found Buazyh's Book Shop.
 23112 | Orc:2    | Gained mutation: You sometimes gain power by taking damage.
                  | [demonic ancestry]
 23112 | Orc:2    | Reached XP level 16. HP: 129/129 MP: 23/23
 23232 | Orc:2    | Found a runed translucent gate.
 23232 | Orc:2    | Found a runed translucent gate.
 23232 | Orc:2    | Found a runed translucent gate.
 23233 | Orc:2    | Found an opulent altar of Gozag.
 23234 | Orc:2    | Found Mexkiacs's Assorted Antiques.
 23234 | Orc:2    | Noticed ytrimaz's ghost (journeyman FoFi)
 23236 | Orc:2    | Found Sepsotaj's Assorted Antiques.
 23280 | Orc:2    | Found Juqar's Antique Weapon Shoppe.
 23387 | Orc:2    | Found Razufyschoe's General Store.
 23402 | Orc:2    | Bought a potion of curing for 48 gold pieces
 23402 | Orc:2    | Bought 2 potions of mutation for 256 gold pieces
 23522 | Orc:2    | Found a staircase to the Elven Halls.
 23946 | Elf:1    | Entered Level 1 of the Elven Halls
 23956 | Elf:1    | Reached skill level 5 in Spellcasting
 23994 | Abyss:4  | Cast into level 4 of the Abyss (a deep elf sorcerer)
 24009 | Abyss:4  | Found a radiant altar of Vehumet.
 24094 | Abyss:4  | Noticed a tentacled starspawn
 24336 | Abyss:4  | Noticed a tentacled starspawn
 24352 | Abyss:4  | Killed a tentacled starspawn
 24364 | Abyss:4  | Paralysed by accursed screaming for 1 turns
 24405 | Elf:1    | Escaped the Abyss
 25046 | Elf:1    | Identified the +9 ring mail of Manomuf {rElec}
 25161 | Abyss:4  | Cast into level 4 of the Abyss (a deep elf sorcerer)
 25271 | Abyss:4  | Reached skill level 10 in Spellcasting
 25277 | Abyss:4  | Noticed a bone dragon
 25303 | Abyss:4  | Killed a bone dragon
 25321 | Abyss:4  | Noticed a tentacled starspawn
 25363 | Abyss:4  | Paralysed by accursed screaming for 2 turns
 25364 | Abyss:4  | Noticed a hellephant
 25379 | Abyss:4  | Noticed a tentacled starspawn
 25397 | Abyss:4  | Found a corrupted altar of Lugonu.
 25463 | Abyss:4  | Found a corrupted altar of Lugonu.
 25478 | Elf:1    | Escaped the Abyss
 25504 | Elf:1    | Reached XP level 17. HP: 122/135 MP: 19/28
 25546 | Elf:1    | Noticed Aizul
 25567 | Elf:1    | Killed Aizul
 25655 | Elf:1    | Found Rath's Distillery.
 25670 | Elf:1    | Bought a potion of attraction for 54 gold pieces
 25811 | Elf:1    | Paralysed by an air elemental for 1 turns
 25860 | Elf:1    | Found Muc Ruef's Jewellery Emporium.
 25861 | Elf:1    | Found Nomp's Book Boutique.
 25863 | Elf:1    | Found Foucsedgh's Jewellery Emporium.
 26111 | Elf:2    | Noticed a Brimstone Fiend
 26114 | Elf:2    | Killed from afar by a deep elf annihilator

Illustrated notes

Levels and vault maps discovered:
D:1:      dpeg_arrival_court, layout_basic, hangedman_abyss_or_decor_stabs
D:2:      layout_basic, serial_shops, shop, kennysheep_jessica_study
D:3:      layout_basic, minmay_pentangle, uniq_sigmund, uniq_terence
D:4:      layout_loops_corners, nicolae_wu_jian_immortal_techniques,
          hangedman_decor_opposing
D:5:      layout_basic, grunt_dithmenos_smoke_and_mirrors,
          minmay_temple_entry_large_hall, serial_bayou_pond_b,
          nicolae_stop_n_shop_2, dreamdust_princess_corridor,
          kennysheep_generic_room_11, uniq_blork_the_orc, uniq_duvessa
D:6:      layout_loops_corners, serial_shops, shop
D:7:      layout_basic, enter_bailey_3, st_stairs_2,
          nicolae_shop_overcharged_wands
D:8:      layout_cave_pools, serial_ice, serial_ice_i, serial_ice_e,
          serial_ice_g, serial_ice_d, uniq_grum
D:9:      layout_rooms, guppyfry_shop_venom
D:10:     layout_cave_pools, grunt_lair_entry_orc_guard_hut, serial_shops,
          kennysheep_little_box
D:11:     layout_basic, serial_shops, nicolae_shop_stone, st_stairs_2,
          uniq_fannar
D:12:     layout_basic, drop_trap, hangedman_decor_lopped,
          nicolae_gozag_cash_rules_everything_around_me
D:13:     layout_cave_pods, grunt_vaults_entry_tiered, lemuel_old_faithful
D:14:     layout_irregular_city, serial_undead, serial_undead_f,
          serial_undead_b, serial_undead_f, serial_undead_c, serial_undead_a,
          serial_undead_c, serial_undead_d, serial_shops, nicolae_stop_n_shop_2,
          corexii_leaking_fountain, minmay_misc_feat_iff, minmay_librarian,
          uniq_louise, uniq_nessos, uniq_frances
D:15:     hangedman_depths_entry_try_elsewhere_first, layout_long_grid,
          gammafunk_ghost_berserking_beasts
Temple:   nicolae_temple_slightly_damp_pantheon
Lair:1:   layout_gridlike, grunt_megastairs_1, uniq_erica
Lair:2:   layout_layer_cave, minmay_swamp_entry_wisps,
          guppyfry_snake_entry_island, basic_altar, minmay_hedge_maze, uniq_urug
Lair:3:   layout_roguey [special_room_mythical_zoo]
Lair:4:   layout_roguey, slime_entry_1, gauntlet_entry_generic,
          eino_small_chamber_without_monster, grunt_megastairs_5, uniq_rupert,
          uniq_kirke
Lair:5:   hangedman_lair_in_review, layout_cave_pods, grunt_megastairs_4
Orc:1:    layout_caves, basic_altar, mines3_lemuel
Orc:2:    grunt_orc_gardens, layout_diamond_mine, grunt_orc_garden,
          grunt_orc_garden, grunt_orc_garden, grunt_orc_garden,
          ebering_ghost_gozag
Elf:1:    eino_elf_arrival_shootout, layout_loops_corners, serial_shops, shop,
          hangedman_elven_crosses_minicolossus, minmay_shop_grove, uniq_aizul
Elf:2:    elven_hall_of_blades_hangedman_original
          [nicolae_blade_entry_floor_patterns], layout_geoelf_octagon,
          amethyst_killhole, lemuel_flamethrower_3

Skill      XL: |  1  2  3  4  5  6  7  8  9 10 11 12 13 14 15 16 |
---------------+-------------------------------------------------+-----
Ranged Weapons | 2 3 |  3.5
Fighting       | 2 3 5 6 7 9 11 12 | 12.4
Short Blades   | 3 5 6 7 8 |  8.3
Evocations     | 4 7 |  7.0
Staves         | 4 9 11 12 | 12.0
Translocations | 2 7 |  7.5
Invocations    | 5 9 11 13 | 13.0
Fire Magic     | 3 6 8 10 12 | 12.9
Dodging        | 4 6 8 10 11 | 11.0
Spellcasting   | 3 11 | 11.9
Hexes          | |  3.0

Action                   |  1- 3 |  4- 6 |  7- 9 | 10-12 | 13-15 | 16-18 || total
-------------------------+-------+-------+-------+-------+-------+-------++-------
Melee: Short sword       |       |    62 |   138 |       |       |       ||   200
       Touch             |       |    17 |    44 |   113 |   264 |   158 ||   596
       Punch             |       |       |     4 |     5 |    19 |     6 ||    34
       Staff             |       |       |    73 |   548 |  1080 |   643 ||  2344
       Headbutt          |       |       |       |    64 |       |       ||    64
 Fire: Sling             |   158 |    62 |       |    46 |       |       ||   266
 Cast: Slow              |       |       |     2 |     1 |       |       ||     3
       Blink             |       |       |       |     3 |     6 |    12 ||    21
       Ignition          |       |       |       |       |       |     2 ||     2
Invok: Slouch            |       |       |       |       |    10 |     7 ||    17
       Temporal Distorti |       |       |       |       |     1 |       ||     1
       Step From Time    |       |       |       |       |       |     3 ||     3
Evoke: Wand              |       |     4 |    16 |     2 |     4 |     5 ||    31
       Box of beasts     |       |       |       |     1 |     3 |       ||     4
       Phantom mirror    |       |       |       |       |     3 |       ||     3
       Condenser vane    |       |       |       |       |     1 |     2 ||     3
  Use: Scroll            |     1 |     5 |     9 |     9 |     6 |     4 ||    34
       Potion            |       |     3 |     7 |     6 |     3 |     3 ||    22
 Stab: Sleeping          |       |     3 |     2 |     5 |    10 |     2 ||    22
       Distracted        |       |     1 |       |       |     4 |     3 ||     8
       Invisible         |       |       |     2 |     2 |     8 |       ||    12
       Petrified         |       |       |       |       |     4 |       ||     4
Armor: Robe              |    18 |    25 |    84 |    96 |       |       ||   223
       Skin              |       |       |     6 |       |       |       ||     6
       Troll leather arm |       |       |       |   102 |   363 |   130 ||   595
Dodge: Dodged            |    53 |    85 |   130 |   319 |   941 |   509 ||  2037
Block: Other             |     6 |    42 |    33 |    88 |   157 |    51 ||   377

Table legend: (Time is in decaauts)
 A = Elapsed time spent in this place.
 B = Non-inter-level travel time spent in this place.
 C = Inter-level travel time spent in this place.
 D = Time resting spent in this place.
 E = Time spent auto-exploring this place.
 F = Levels seen in this place.
 G = Mean time per level.
                   A        B        C        D        E       F      G
               +--------+--------+--------+--------+--------+-----+--------+
         Total |  36507 |  33998 |   2509 |   1198 |  26258 |  31 | 1177.6 |
       Dungeon |  21107 |  19324 |   1783 |    195 |  16048 |  15 | 1407.1 |
        Temple |    197 |    173 |     24 |      0 |    144 |   1 |  197.0 |
          Lair |   8368 |   7912 |    456 |    170 |   6318 |   5 | 1673.6 |
  Orcish Mines |   1870 |   1760 |    110 |      0 |   1352 |   2 |  935.0 |
   Elven Halls |   2336 |   2202 |    134 |      0 |   1676 |   2 | 1168.0 |
         Abyss |   1018 |   1018 |      0 |    301 |    118 |   4 |  254.5 |
        Bailey |    865 |    865 |      0 |    532 |    143 |   1 |  865.0 |
      Gauntlet |    743 |    743 |      0 |      0 |    458 |   1 |  743.0 |
               +--------+--------+--------+--------+--------+-----+--------+

Top non-repeatable levels by time:
  Lair:2: 2612 daAuts
   Elf:1: 2183 daAuts
  Lair:5: 1910 daAuts
    D:13: 1905 daAuts
    D:12: 1894 daAuts
     D:8: 1816 daAuts
    D:15: 1585 daAuts
    D:14: 1577 daAuts
    D:11: 1496 daAuts
     D:6: 1405 daAuts
     D:2: 1349 daAuts
  Lair:3: 1315 daAuts
     D:4: 1313 daAuts
  Lair:4: 1312 daAuts
     D:5: 1278 daAuts
